 Dungeon Crawl Stone Soup version 0.22-a0-525-gf69a0803ab (webtiles) character file.

544 Foic the Cudgeler (level 7, -3/68 HPs)
             Began as a Troll Berserker on June 21, 2018.
             Was a Priest of Trog.
             Slain by Prince Ribbit (7 damage)
             ... on level 5 of the Dungeon.
             The game lasted 00:14:02 (4418 turns).

Foic the Cudgeler (Troll Berserker)                 Turns: 4418, Time: 00:14:03

Health: -3/68      AC:  7    Str: 28      XL:     7   Next: 6%
Magic:  6/6        EV: 10    Int:  3      God:    Trog [***...]
Gold:   279        SH:  0    Dex:  4 (9)  Spells: 6/6 levels left

rFire    . . .     SeeInvis .   u - +0 giant spiked club
rCold    . . .     Gourm    +   (shield currently unavailable)
rNeg     . . .     Faith    .   b - +1 animal skin
rPois    .         Spirit   .   (helmet restricted)
rElec    .         Reflect  .   d - +0 cloak
rCorr    .         Harm     .   (gloves unavailable)
MR       .....                  (boots unavailable)
Stlth    +.........             (no amulet)
HPRegen  0.61/turn              (no ring)
MPRegen  0.10/turn              (no ring)

@: no status effects
A: large, unfitting armour, claws 3, fast metabolism 3, gourmand, regeneration
1, shaggy fur 1, tough skin 2
a: Berserk, Trog's Hand, Renounce Religion


You were on level 5 of the Dungeon.
You worshipped Trog.
Trog was most pleased with you.
You were full.

You visited 1 branch of the dungeon, and saw 5 of its levels.

You collected 279 gold pieces.

Inventory:

Hand Weapons
 a - a +0 mace
 q - a +0 whip of electrocution
 u - a +0 giant spiked club (weapon)
Missiles
 e - 134 stones (quivered)
Armour
 b - a +1 animal skin (worn)
 d - a +0 cloak (worn)
Jewellery
 v - an uncursed amulet of the acrobat {unknown}
Wands
 n - a wand of iceblast (11)
 t - a wand of random effects (14)
Scrolls
 f - 4 scrolls of remove curse {unknown}
 g - 5 scrolls of teleportation {unknown}
 h - a scroll of fog
 i - 3 scrolls of identify
 j - 2 scrolls of immolation {unknown}
 l - 2 scrolls of enchant weapon {unknown}
 m - 2 scrolls of blinking {unknown}
 r - 2 scrolls of enchant armour
 s - a scroll of magic mapping {unknown}
Potions
 k - a potion of berserk rage {unknown}
 o - 2 potions of haste
 p - a potion of flight {unknown}
Comestibles
 c - 14 rations


   Skills:
 + Level 3.8 Fighting
 + Level 5.6 Maces & Flails
 + Level 3.9 Dodging


You had 6 spell levels left.
You didn't know any spells.
Your spell library was empty.

Dungeon Overview and Level Annotations

Branches:
Dungeon (5/15)
 Temple: D:4-7

Altars:
Fedhas
Sif Muna
Uskayaw
Vehumet
Wu Jian

Annotations:
D:5 Prince Ribbit


Innate Abilities, Weirdness & Mutations

You are too large for most types of armour.
You have claws for hands.
Your metabolism is lightning-fast.
You like to eat raw meat.
Your natural rate of healing is unusually fast.
You are covered in fur. (AC +1)
You have very tough skin. (AC +2)


Message History

You barely miss Prince Ribbit.
Prince Ribbit is lightly wounded.
Prince Ribbit hits you!
Prince Ribbit blinks!
Throwing (i - inventory)
e - 135 stones (quivered)
Press: ? - help, Shift-Dir - straight line, f/p - Prince Ribbit
Aim: Prince Ribbit (lightly wounded)
You throw a stone. The stone barely misses Prince Ribbit.
You closely miss Prince Ribbit.
Prince Ribbit is lightly wounded.
Prince Ribbit hits you! x2
You closely miss Prince Ribbit.
Prince Ribbit is lightly wounded.
Prince Ribbit hits you!
* * * LOW HITPOINT WARNING * * *
Prince Ribbit hits you.
* * * LOW HITPOINT WARNING * * *
You closely miss Prince Ribbit.
Prince Ribbit is lightly wounded.
Prince Ribbit closely misses you. Prince Ribbit hits you!
You die...

#..## #. #..# #. # ....#
###. #. .###.# ##... ##. #.#
##..## #.. ##.###..### #.#
######..........
#.###.(....##..#####
########.#@F.#ยง......######
........)..###......###....
############ #.....####....
#.....###.....
#.....##......
#.....##.#....
#.....##.#....
#.....##.###.# #.....##.#
#(#


You could see Prince Ribbit.

Vanquished Creatures
  A phantom (D:4)
  An ogre (D:5)
  A crimson imp (D:5)
  A quasit (D:5)
  Ijyb (D:5)
  4 worker ants
  A hound skeleton (D:5)
  7 adders
  3 oozes
  A worm (D:3)
  7 leopard geckos
  2 orcs
  8 giant cockroaches
  6 goblins
  9 hobgoblins
  4 jackals (D:3)
  4 quokkas
  9 bats
  7 frilled lizards
  A jackal skeleton (D:4)
  9 kobolds
  6 rats
93 creatures vanquished.

Notes
Turn   | Place    | Note
-------+----------+-------------------------------------------
     0 | D:1      | Foic the Troll Berserker began the quest for the Orb.
     0 | D:1      | Reached XP level 1. HP: 22/22 MP: 0/0
    92 | D:1      | Reached XP level 2. HP: 29/29 MP: 1/1
   115 | D:1      | Reached skill level 3 in Maces & Flails
   591 | D:1      | Reached ** piety under Trog
   591 | D:1      | Reached XP level 3. HP: 36/36 MP: 2/2
   958 | D:2      | Found an ornate altar of the Wu Jian Council.
  1209 | D:2      | Reached XP level 4. HP: 33/44 MP: 3/3
  1656 | D:3      | Reached skill level 4 in Maces & Flails
  2082 | D:3      | Reached XP level 5. HP: 53/53 MP: 4/4
  2083 | D:3      | Reached *** piety under Trog
  2765 | D:4      | Found a radiant altar of Vehumet.
  2800 | D:4      | Noticed a phantom
  2858 | D:4      | Found a deep blue altar of Sif Muna.
  3202 | D:4      | Killed a phantom
  3202 | D:4      | Reached XP level 6. HP: 52/61 MP: 5/5
  3207 | D:4      | Found a blossoming altar of Fedhas.
  3630 | D:5      | Entered Level 5 of the Dungeon
  3727 | D:5      | Reached skill level 5 in Maces & Flails
  3754 | D:5      | Found a hide-covered altar of Uskayaw.
  3818 | D:5      | Noticed Ijyb
  3838 | D:5      | Killed Ijyb
  3979 | D:5      | Noticed Prince Ribbit
  4191 | D:5      | Reached XP level 7. HP: 36/68 MP: 6/6
  4417 | D:5      | HP: 3/68 [Prince Ribbit (6)]
  4418 | D:5      | Slain by Prince Ribbit

Vault maps used:
D:1:      dpeg_arrival_windows_large_door
D:2:      nicolae_overflow_crystal_walls
D:3:      first_ration
D:4:      overflow_temple_1_default, fedhas_altar_3, grunt_decor_cap,
          led_sif_pool
D:5:      nicolae_tso_carved_into_rock, marbit_many_paths, grunt_ministairs_4,
          hex_intersection, uniq_ijyb, uniq_prince_ribbit1

Skill      XL: |  1  2  3  4  5  6 |
---------------+-------------------+-----
Maces & Flails | 3 4 5 |  5.6
Fighting       | 3 |  3.8
Dodging        | 3 |  3.9

Action                   |  1- 3 |  4- 6 |  7- 9 || total
-------------------------+-------+-------+-------++-------
Melee: Mace              |   120 |   185 |       ||   305
       Whip              |       |   109 |       ||   109
       Giant spiked club |       |       |    14 ||    14
Throw: Stone             |       |    26 |     3 ||    29
  Use: Potion            |     3 |     5 |       ||     8
       Scroll            |     5 |       |       ||     5
 Stab: Sleeping          |       |     3 |       ||     3
  Eat: Chunk             |    17 |    26 |       ||    43
Armor: Animal skin       |    53 |   154 |     2 ||   209
Dodge: Dodged            |    77 |   166 |     8 ||   251

Table legend:
 A = Spawn XP
 B = Non-spawn XP
 C = Spawn XP percentage of total XP
 D = Spawn monster count
 E = Non-spawn monster count
 F = Spawn count percentage of total count
 G = Total turns spent on level
                    A         B        C        D         E        F      G
               +---------+---------+-------+---------+---------+-------+---------
         Total |       0 |     778 |   0.0 |       0 |      93 |   0.0 |  4418
               +---------+---------+-------+---------+---------+-------+---------
           D:1 |       0 |      52 |   0.0 |       0 |      26 |   0.0 |   927
           D:2 |       0 |      68 |   0.0 |       0 |      19 |   0.0 |   643
           D:3 |       0 |      87 |   0.0 |       0 |      28 |   0.0 |  1256
           D:4 |       0 |     248 |   0.0 |       0 |      12 |   0.0 |  1020
           D:5 |       0 |     323 |   0.0 |       0 |       8 |   0.0 |   572
               +---------+---------+-------+---------+---------+-------+---------
